 Dungeon Crawl Stone Soup version 0.29-a0-341-g24ffce5b50 (webtiles) character file.

Game seed: 15699801515272203189

23 Dauddaud the Chopper (level 2, -6/26 HPs)
             Began as a Minotaur Berserker on Apr 20, 2022.
             Was a Follower of Trog.
             Engulfed by a cloud of flame (26 damage)
             ... on level 1 of the Dungeon.
             The game lasted 00:02:00 (509 turns).

Dauddaud the Chopper (Minotaur Berserker)            Turns: 509, Time: 00:02:00

Health: -6/26      AC:  3    Str: 27    XL:     2   Next: 72%
Magic:  1/1        EV: 12    Int:  4    God:    Trog [*.....]
Gold:   46         SH:  0    Dex:  9    Spells: 1/1 levels left

rFire   . . .      SeeInvis .   a - +0 hand axe
rCold   . . .      Faith    .   (no shield)
rNeg    . . .      Spirit   .   b - +0 animal skin
rPois   .          Reflect  .   (helmet restricted)
rElec   .          Harm     .   h - +0 cloak
rCorr   .          Rampage  .   (no gloves)
Will    .....                   (no boots)
Stlth   +.........              (no amulet)
HPRegen 0.08/turn               c - +6 ring of strength
MPRegen 0.07/turn               j - ring of flight

@: flying
A: horns 2, retaliatory headbutt
a: Renounce Religion, Berserk


You were on level 1 of the Dungeon.
You worshipped Trog.
Trog was aware of your devotion.
You visited 1 branch of the dungeon, and saw 1 of its levels.

You collected 46 gold pieces.

Inventory:

Hand Weapons
 a - a +0 hand axe (weapon)
Armour
 b - a +0 animal skin (worn)
 h - a +0 cloak (worn)
Jewellery
 c - a +6 ring of strength (left hand)
 j - a ring of flight (right hand)
Scrolls
 d - a scroll of vulnerability {unknown}
 e - a scroll of fog {unknown}
 i - a scroll of identify {unknown}
Potions
 f - a potion of experience {unknown}
 g - 2 potions of degeneration {unknown}


   Skills:
 - Level 3.6 Fighting
 + Level 4.9 Axes
 - Level 2.4 Armour
 - Level 2.1 Dodging


You had one spell level left.
You didn't know any spells.
Your spell library was empty.

Dungeon Overview and Level Annotations

Branches:
Dungeon (1/15)

Altars:


Innate Abilities, Weirdness & Mutations

You have a pair of horns on your head.
You reflexively headbutt those who attack you in melee.


Message History

You kill the kobold!
Trog accepts your kill.
You barely miss the kobold. You hit the kobold.
You kill the kobold!
Trog accepts your kill. The kobold hits you with a +0 whip.
You closely miss the kobold. Your headbutt misses the kobold.
You hit the kobold. x2; The kobold hits you with a +0 whip.
The kobold hits you but does no damage. The kobold barely misses you.
You slash the kobold!
You kill the kobold!
Trog accepts your kill.
You hit the kobold.
You kill the kobold!
Trog accepts your kill.
You hit the kobold.
You kill the kobold!
Trog accepts your kill.
A rat comes into view.
Things that are here:
a +0 whip; 2 stones; a kobold corpse A rat comes into view.
The rat bites the bush.
A rat comes into view.
The rat bites the bush but does no damage.
You slash the rat!
You kill the rat!
Trog accepts your kill.
The rat bites the bush but does no damage.
No reachable target in view!
No reachable target in view!
No reachable target in view!
There are monsters nearby!
The rat bites the bush.
You see here a rat corpse.
Really fly into that cloud of flame?
Really fly into a travel-excluded area?
You are engulfed in blazing flames.
Ouch! That really hurt!
You die...

......# #.# ......# #.#
......###.##
.......##..# ####
.......##..# #♣PP♣♣♣♣ #
.......##..###P...PPP.P♣
.......##..##P.....PP.P.
...>....#..##)..†...#r.P
........#...÷)..@..÷#r..
........#..##)..§...#..P
........#..#P#÷..÷÷#.P.P
##†........#PPP..≈PPPPP♣
.'.....#...#♣♣♣♣♣#P♣# ♣P
##.....#...# ##
.....#.##... .#.#.#.##..
.#.#.# #


You could see 2 rats.

Vanquished Creatures
  A bat (D:1)
  2 endoplasms (D:1)
  3 goblins (D:1)
  3 hobgoblins (D:1)
  3 quokkas (D:1)
  A frilled lizard (D:1)
  5 kobolds (D:1)
  A rat (D:1)
19 creatures vanquished.

Vanquished Creatures (others)
  6 plants (D:1)
6 creatures vanquished.

Grand Total: 25 creatures vanquished

Notes
Turn   | Place    | Note
-------+----------+-------------------------------------------
     0 | D:1      | Dauddaud the Minotaur Berserker began the quest for the
                  | Orb.
     0 | D:1      | Reached XP level 1. HP: 19/19 MP: 0/0
    89 | D:1      | Reached skill level 4 in Axes
   236 | D:1      | Reached XP level 2. HP: 26/26 MP: 1/1
   293 | D:1      | Found a faded altar of an unknown god.
   509 | D:1      | Engulfed by a cloud of flame

Illustrated notes

Levels and vault maps discovered:
D:1:      dpeg_arrival_snail, layout_basic, chequers_ecumenical_altar_island,
          lexackson_kobold_supper

Skill      XL: |  1 |
---------------+----+-----
Axes           | 4 |  4.9
Fighting       | |  3.6
Armour         | |  2.4
Dodging        | |  2.1

Action                   || total
-------------------------++-------
Melee: Hand axe          ||    27
       Headbutt          ||     4
       Punch             ||     1
Armor: Animal skin       ||     6
Dodge: Dodged            ||    14

Table legend: (Time is in decaauts)
 A = Elapsed time spent in this place.
 B = Non-inter-level travel time spent in this place.
 C = Inter-level travel time spent in this place.
 D = Time resting spent in this place.
 E = Time spent auto-exploring this place.
 F = Levels seen in this place.
 G = Mean time per level.
                   A        B        C        D        E       F      G
               +--------+--------+--------+--------+--------+-----+--------+
         Total |    511 |    511 |      0 |      0 |    413 |   1 |  511.0 |
       Dungeon |    511 |    511 |      0 |      0 |    413 |   1 |  511.0 |
               +--------+--------+--------+--------+--------+-----+--------+

Top non-repeatable levels by time:
     D:1: 511 daAuts
